 Dungeon Crawl Stone Soup version 0.31-a0-145-g046c7d2549 (webtiles) character file.

Game seed: 3483820620589794819

214 qw the Shooter (level 5, -1/46 HPs)
             Began as a Minotaur Hunter on June 7, 2023.
             Was an Initiate of Okawaru.
             Slain by Grinder (3 damage)
             ... on level 3 of the Dungeon.
             The game lasted 00:01:05 (2773 turns).

qw the Shooter (Minotaur Hunter)                    Turns: 2773, Time: 00:01:05

Health: -1/46      AC:  6    Str: 15      XL:     5   Next: 60%
Magic:  4/4        EV: 11    Int:  6      God:    Okawaru [......]
Gold:   214        SH:  0    Dex: 15 (16) Spells: 4/4 levels left

rFire   . . .        Y - +0 shortbow
rCold   . . .        (shield currently unavailable)
rNeg    . . .        d - +0 ring mail
rPois   .            (helmet restricted)
rElec   .            (no cloak)
rCorr   .            (no gloves)
SInv    .            e - +0 pair of boots
Will    .....        (no amulet)
Stlth   +            (no ring)
HPRegen 0.27/turn    (no ring)
MPRegen 0.09/turn

%: no passive effects
@: about to teleport
A: horns 2, retaliatory headbutt
a: Renounce Religion


You were on level 3 of the Dungeon.
You worshipped Okawaru.
Okawaru was noncommittal.
You visited 1 branch of the dungeon, and saw 3 of its levels.

You collected 214 gold pieces.


Innate Abilities, Weirdness & Mutations

You have a pair of horns on your head.
You reflexively headbutt those who attack you in melee.


   Skills:
 - Level 4.1 Fighting
 + Level 6.8 Ranged Weapons
 - Level 1.0 Armour
 - Level 2.1 Dodging
 - Level 0.7 Stealth


You had 4 spell levels left.
You didn't know any spells.
Your spell library was empty.

Inventory:

Hand Weapons
 Y - a +0 shortbow (weapon)
Armour
 d - a +0 ring mail (worn)
 e - a +0 pair of boots (worn)
Scrolls
 k - a scroll of identify
Potions
 c - a potion of curing
 f - a potion of brilliance {unknown}
 g - a potion of haste {unknown}
 h - a potion of heal wounds {unknown}
 i - a potion of invisibility {unknown}

Dungeon Overview and Level Annotations

Branches:
Dungeon (3/15)

Altars:
Makhleb
Okawaru

Annotations:
D:3 Grinder


Message History

Enter note:
Enter note:
Enter note:
Enter note:
There is an escape hatch in the ceiling here.
There is an open door here.
Grinder shouts!
Grinder blinks!
You shoot an arrow. The arrow closely misses Grinder.
Grinder closely misses you.
You shoot an arrow. The arrow barely misses Grinder.
Grinder hits you!
You writhe in agony.
Grinder hits you.
You writhe in agony.
You shoot an arrow. The arrow barely misses Grinder.
Grinder gestures at you.
You barely resist. You shoot an arrow.
The arrow hits Grinder but does no damage.
Grinder closely misses you. You furiously retaliate!
You headbutt Grinder. You shoot an arrow.
The arrow hits Grinder but does no damage.
Grinder is lightly wounded.
Grinder hits you.
You writhe in agony.
You shoot an arrow. The arrow hits Grinder.
Grinder is lightly wounded.
Grinder gestures at you.
You suddenly lose the ability to move!
Grinder zaps a wand.
The puff of flame hits you! Grinder gestures at you.
You barely resist.
You can move again.
You shoot an arrow. The arrow barely misses Grinder.
Grinder zaps a wand.
The puff of flame misses you.
You shoot an arrow. The arrow hits Grinder!
Grinder is heavily wounded.
Grinder hits you.
You writhe in agony.
2773 ||| READING scroll of teleportation.
As you read the scroll of teleportation, it crumbles to dust.
You feel strangely unstable. Grinder hits you!
You writhe in agony.
You die...

###......#.###.# #.##..##.#
# #.######.....###
#.###.##.#
###%####.+.._..'.#
#........#
.........#.....#.#
#####.####
.##......#.###.#.# ###.#
...#####.#.....#.# ##.#.#
#...####.#'###'#.####..<.#
#......+........5'.......#
#....###........@####....##
...#.###........## ##....#
.5.......#.....## ##...#
####.######...## #...#
####.#### ##'## ###.#
........# #.# #.# .###.##.#
#.# #.# . #.##.####.## #.#
.###.#........## #.#


You could see Grinder.

Vanquished Creatures
  Natasha (twice) (D:3)
  4 gnolls
  3 adders
  A worm (D:3)
  A dart slug (D:2)
  17 orcs (D:3)
  5 ball pythons
  3 endoplasms
  2 giant cockroaches (D:2)
  9 goblins
  7 hobgoblins
  4 jackals (D:2)
  4 kobolds
  2 quokkas
  5 bats
  3 frilled lizards
  4 rats
76 creatures vanquished.

Notes
Turn   | Place    | Note
-------+----------+-------------------------------------------
     0 | D:1      | qw the Minotaur Hunter began the quest for the Orb.
     0 | D:1      | Reached XP level 1. HP: 18/18 MP: 0/0
     0 | D:1      | 0 ||| qw: Version: 0.2-a-117-gc6b5c8b
     0 | D:1      | 0 ||| qw: Game counter: 2515
     0 | D:1      | 0 ||| qw: Always use a shield: true
     0 | D:1      | 0 ||| qw: God list: Okawaru
     0 | D:1      | 0 ||| qw: Allow faded altars: false
     0 | D:1      | 0 ||| qw: Do Orc after D:15 true
     0 | D:1      | 0 ||| qw: Do second Lair branch before Depths: true
     0 | D:1      | 0 ||| qw: Lair rune preference: random
     0 | D:1      | 0 ||| qw: Plans: Normal
     0 | D:1      | 0 ||| PLANNING D:1-11
   210 | D:1      | Found a faded altar of an unknown god.
   213 | D:1      | Reached XP level 2. HP: 25/25 MP: 1/1
   288 | D:1      | Reached skill level 5 in Ranged Weapons
   300 | D:1      | 300 ||| FLEEEEING.
   301 | D:1      | 301 ||| FLEEEEING.
   471 | D:1      | Reached skill level 3 in Fighting
   497 | D:1      | Reached XP level 3. HP: 31/31 MP: 2/2
   633 | D:1      | 633 ||| UPGRADING to +0 ring mail.
   643 | D:1      | 643 ||| DROPPING +0 leather armour.
   644 | D:1      | 644 ||| READING scroll labelled EKOSMYPRUM.
   645 | D:1      | 645 ||| READING scroll labelled MYSUEZELEN.
   646 | D:1      | 646 ||| DROPPING scroll of butterflies.
   832 | D:2      | Reached skill level 1 in Armour
   909 | D:2      | Identified the +4 hand axe of the Desolation of Salt
                  | {drain, Will+ Str+2}
  1355 | D:2      | 1355 ||| UPGRADING to +0 pair of boots.
  1360 | D:2      | 1360 ||| READING 2 scrolls labelled ATOUVOFYAM.
  1365 | D:2      | 1365 ||| READING scroll labelled UNIMMA QAOXTUR.
  1366 | D:2      | 1366 ||| READING 2 scrolls labelled MUGERR TEKK.
  1367 | D:2      | 1367 ||| READING scroll labelled NOKODAAPT TITA.
  1368 | D:2      | 1368 ||| READING scroll labelled LYUME ICZU.
  1369 | D:2      | 1369 ||| DRINKING 4 sedimented blue potions.
  1370 | D:2      | 1370 ||| DROPPING scroll of vulnerability.
  1371 | D:2      | 1371 ||| DROPPING 3 potions of degeneration.
  1405 | D:3      | Reached XP level 4. HP: 38/38 MP: 3/3
  1508 | D:3      | Reached skill level 6 in Ranged Weapons
  1588 | D:3      | Found a burning altar of Makhleb.
  1747 | D:3      | Noticed Grinder
  1758 | D:3      | HP: 6/38 [Grinder (5)]
  1759 | D:3      | 1759 ||| READING scroll of teleportation.
  2198 | D:3      | Noticed Natasha
  2201 | D:3      | 2201 ||| Stepping ~*~*~tactically~*~*~ (outnumbered).
  2205 | D:3      | Killed Natasha
  2206 | D:3      | Reached XP level 5. HP: 27/46 MP: 4/4
  2364 | D:3      | Noticed Natasha
  2369 | D:3      | Killed Natasha
  2489 | D:3      | 2489 ||| Stepping ~*~*~tactically~*~*~ (outnumbered).
  2509 | D:3      | Found an iron altar of Okawaru.
  2510 | D:3      | 2510 ||| PLANNING OKAWARU WORSHIP
  2510 | D:3      | 2510 ||| READING scroll labelled ROULYE NUOMOY.
  2611 | D:3      | 2611 ||| DRINKING 2 purple potions.
  2612 | D:3      | 2612 ||| READING 2 scrolls of identify.
  2612 | D:3      | 2612 ||| IDENTIFYING blue potion
  2613 | D:3      | 2613 ||| DROPPING potion of berserk rage.
  2622 | D:3      | 2622 ||| DRINKING 2 pink potions.
  2623 | D:3      | 2623 ||| DROPPING potion of magic.
  2624 | D:3      | Became a worshipper of Warmaster Okawaru
  2624 | D:3      | 2624 ||| PLANNING D:1-11
  2768 | D:3      | Paralysed by Grinder for 3 turns
  2772 | D:3      | HP: 11/46 [Grinder (6)]
  2773 | D:3      | 2773 ||| READING scroll of teleportation.
  2773 | D:3      | HP: 2/46 [Grinder (9)]
  2773 | D:3      | Slain by Grinder

Levels and vault maps discovered:
D:1:      eino_arrival_water_star, layout_loops_ring,
          chequers_ecumenical_altar_island
D:2:      layout_loops_ring
D:3:      layout_loops_corners, okawaru_altar_gauntlet_db,
          mainiacjoe_overflow_six_doors_small, uniq_natasha, uniq_grinder

Skill      XL: |  1  2  3  4 |
---------------+-------------+-----
Ranged Weapons | 5 6 |  6.8
Fighting       | 3 4 |  4.1
Armour         | 1 |  1.0
Dodging        | |  2.1
Stealth        | |  0.7

Action                     |  1- 3 |  4- 6 || total
---------------------------+-------+-------++-------
   Fire: Shortbow          |   120 |   137 ||   257
    Use: Scroll            |     7 |     4 ||    11
         Potion            |     1 |     2 ||     3
 Armour: Leather armour    |     8 |       ||     8
         Ring mail         |     6 |    26 ||    32
  Dodge: Dodged            |    18 |    42 ||    60

Table legend:
 A = Non-vault XP
 B = Vault XP
 C = Vault XP percentage of total XP
 D = Non-vault monster count
 E = Vault monster count
 F = Vault count percentage of total count
                 A         B        C        D         E       F
            +---------+---------+-------+---------+---------+-------
      Total |     222 |      85 |  27.7 |      69 |       7 |   9.2
            +---------+---------+-------+---------+---------+-------
        D:1 |      45 |       0 |   0.0 |      20 |       0 |   0.0
        D:2 |      50 |       0 |   0.0 |      20 |       0 |   0.0
        D:3 |     127 |      85 |  40.1 |      29 |       7 |  19.4
            +---------+---------+-------+---------+---------+-------
